[Event "Titled Tuesday Blitz April 4 Late 2023"]
[White "Kollars, Dmitrij"]
[Black "Kashefi, Amir Hosein"]
[WhiteFideId "12909572"]
[BlackFideId "12557935"]
[WhiteElo "2584"]
[BlackElo "2064"]
[Result "1-0"]
[Round "01"]
[TimeControl "180+2"]
[Date "2023.04.04"]
[WhiteClock "0:00:47"]
[BlackClock "0:00:02"]

1. e4 c6 2. d3 d5 3. Nf3 dxe4 4. dxe4 Qxd1+ 5. Kxd1 Bg4 6. Be2 Nd7 7. Ne1 Bxe2+ 8. Kxe2 e6 9. a4 Ngf6 10. f3 a5 11. Nd2 O-O-O 12. Nc4 Bc5 13. Nxa5 Bb6 14. Nc4 Bc7 15. Nd3 Ne8 16. Be3 Nd6 17. Nxd6+ Bxd6 18. b4 Ne5 19. Nxe5 Bxe5 20. Ra3 Rd7 21. Rd3 Rhd8 22. h3 Rxd3 23. cxd3 Bd4 24. Rc1 Bxe3 25. Kxe3 e5 26. g3 f6 27. f4 Kc7 28. Rc5 Kd6 29. a5 b6 30. axb6 Rb8 31. fxe5+ fxe5 32. d4 exd4+ 33. Kxd4 Rxb6 34. Kc4 Rb8 35. e5+ Kd7 36. Ra5 Rb7 37. Ra6 g6 38. g4 h5 39. g5 h4 40. Ra8 Rb5 41. Ra5 Rb8 42. Kc5 Ke6 43. Ra6 Kxe5 44. Rxc6 Kf5 45. b5 Kxg5 46. b6 Kh5 47. Rd6 g5 48. Rd5 Rc8+ 49. Kd6 Rc3 50. b7 Rb3 51. Kc6 Kg6 52. Rb5 Rc3+ 53. Kb6 1-0


[Site "https://www.chess.com"]

[Event "Titled Tuesday Blitz April 4 Late 2023"]
[White "Koutlas, Nikolaos"]
[Black "Steinberg, Nitzan"]
[WhiteFideId "25827138"]
[BlackFideId "2801795"]
[WhiteElo "2215"]
[BlackElo "2486"]
[Result "1-0"]
[Round "01"]
[TimeControl "180+2"]
[Date "2023.04.04"]
[WhiteClock "0:00:03"]
[BlackClock "0:01:04"]

1. Nf3 g6 2. h4 Nf6 3. b3 Bg7 4. Bb2 d6 5. e3 e5 6. c4 Bg4 7. Be2 O-O 8. Nc3 c5 9. Ng5 h5 10. Nd5 Nbd7 11. d3 b5 12. Ne4 Bxe2 13. Qxe2 Nxd5 14. cxd5 Nf6 15. Nxf6+ Qxf6 16. g4 hxg4 17. Qxg4 Qf5 18. Qxf5 gxf5 19. Ke2 Kh7 20. Rag1 Bf6 21. f4 Rae8 22. Kd2 a5 23. e4 fxe4 24. dxe4 Rg8 25. f5 b4 26. Kd3 a4 27. Kc4 Ra8 28. Bc1 axb3 29. axb3 Rxg1 30. Rxg1 Ra2 31. Bg5 Bxg5 32. hxg5 Rb2 33. Rh1+ Kg7 34. Rh6 Rc2+ 35. Kb5 c4 36. bxc4 b3 37. Rh3 Re2 38. Rxb3 Rxe4 39. Kc6 Rxc4+ 40. Kxd6 e4 41. Ke5 Kf8 42. f6 Ke8 43. Rb8+ Kd7 44. Rb7+ Ke8 45. d6 e3 46. Re7+ Kd8 47. Kd5 Ra4 48. Rxf7 Ra5+ 49. Ke6 Kc8 50. Rf8+ Kb7 51. Re8 Kc6 52. Rc8+ Kb7 53. d7 e2 54. Rc1 Rc5 55. Re1 Kc7 56. Rxe2 Rxg5 57. Ke7 Rf5 58. Rc2+ 1-0


[Site "https://www.chess.com"]

[Event "Titled Tuesday Blitz April 4 Late 2023"]
[White "Zakhartsov, Vladimir"]
[Black "Koc, Przemyslaw"]
[WhiteFideId "4145097"]
[BlackFideId "1109081"]
[WhiteElo "2497"]
[BlackElo "2161"]
[Result "1-0"]
[Round "01"]
[TimeControl "180+2"]
[Date "2023.04.04"]
[WhiteClock "0:00:31"]
[BlackClock "0:00:06"]

1. e4 e5 2. Nf3 Nf6 3. Nc3 d6 4. d4 Nbd7 5. Bc4 Be7 6. a4 O-O 7. O-O c6 8. a5 Rb8 9. Re1 b5 10. axb6 axb6 11. Bd3 b5 12. Ne2 Qc7 13. Ng3 Re8 14. c3 Bf8 15. Bc2 c5 16. d5 c4 17. Nf5 Nc5 18. Ng3 Bd7 19. Bg5 Be7 20. h3 Ra8 21. Qd2 Qb7 22. Nh4 g6 23. Nf3 Rxa1 24. Rxa1 Ra8 25. Qd1 Ra6 26. Be3 Rxa1 27. Qxa1 Qa6 28. Qc1 Nb3 29. Bxb3 cxb3 30. Qd1 Qa2 31. Bc1 Qb1 32. Nd2 Qc2 33. Qxc2 bxc2 34. Ngf1 Bf8 35. f3 Bh6 36. Nb3 Bxc1 37. Nxc1 Nh5 38. Ne3 Nf4 39. Nxc2 f5 40. Kf2 fxe4 41. fxe4 g5 42. Ne1 Kf7 43. Ncd3 h5 44. b3 h4 45. c4 bxc4 46. bxc4 Ba4 47. c5 Ke7 48. Nxf4 gxf4 49. c6 Bd1 50. Nf3 Bc2 51. Nd2 Bd1 52. Nc4 Bc2 53. Ke2 Bxe4 54. c7 Bf5 55. Nb6 e4 56. c8=Q Bxc8 57. Nxc8+ Kd7 58. Nb6+ Kc7 59. Nc4 Kd7 60. Nd2 1-0


[Site "https://www.chess.com"]

[Event "Titled Tuesday Blitz April 4 Late 2023"]
[White "Makaraci, Tunahan"]
[Black "Indjic, Aleksandar"]
[WhiteFideId "6356559"]
[BlackFideId "911925"]
[WhiteElo "2160"]
[BlackElo "2614"]
[Result "0-1"]
[Round "01"]
[TimeControl "180+2"]
[Date "2023.04.04"]
[WhiteClock "0:00:12"]
[BlackClock "0:01:44"]

1. e4 c5 2. Nf3 d6 3. d4 cxd4 4. Nxd4 Nf6 5. Nc3 Nc6 6. Bg5 Bd7 7. Qd2 Rc8 8. O-O-O Nxd4 9. Qxd4 Qa5 10. f4 Rxc3 11. bxc3 e5 12. Qc4 d5 13. exd5 Ba3+ 14. Kb1 Ne4 15. Rd3 O-O 16. Ka1 Rc8 17. Qb3 Nc5 18. Qc4 b5 0-1


[Site "https://www.chess.com"]

[Event "Titled Tuesday Blitz April 4 Late 2023"]
[White "Chigaev, Maksim"]
[Black "Przybylski, Wojciech"]
[WhiteFideId "4108116"]
[BlackFideId "1117599"]
[WhiteElo "2547"]
[BlackElo "2222"]
[Result "1-0"]
[Round "01"]
[TimeControl "180+2"]
[Date "2023.04.04"]
[WhiteClock "0:00:13"]
[BlackClock "0:00:01"]

1. Nf3 Nf6 2. c4 c6 3. g3 d5 4. Bg2 Bg4 5. Ne5 Be6 6. cxd5 Bxd5 7. Nf3 c5 8. Nc3 Bc6 9. O-O Nbd7 10. Qc2 e6 11. e4 Be7 12. Rd1 e5 13. d3 h6 14. Be3 O-O 15. h3 Rc8 16. Rac1 Re8 17. Nh4 Bf8 18. Nf5 b5 19. a4 a6 20. axb5 axb5 21. Qb3 c4 22. dxc4 bxc4 23. Qa2 Qc7 24. Qxc4 Qb7 25. Qa2 Nxe4 26. Nxe4 Bxe4 27. Rxc8 Rxc8 28. Rxd7 Qxd7 29. Bxe4 Qd1+ 30. Kg2 Rd8 31. Qa5 Re8 32. g4 Qe2 33. Qc3 g6 34. Ng3 Qd1 35. b4 Qd6 36. b5 Rb8 37. Qc6 Qxc6 38. Bxc6 1-0


[Site "https://www.chess.com"]

[Event "Titled Tuesday Blitz April 4 Late 2023"]
[White "Papayan, Oleg"]
[Black "Zhigalko, Sergei"]
[WhiteFideId "4193911"]
[BlackFideId "13502956"]
[WhiteElo "2153"]
[BlackElo "2626"]
[Result "0-1"]
[Round "01"]
[TimeControl "180+2"]
[Date "2023.04.04"]
[WhiteClock "0:00:04"]
[BlackClock "0:00:50"]

1. e4 c5 2. d4 cxd4 3. Qxd4 Nc6 4. Qd3 Nf6 5. Nc3 d6 6. Nf3 g6 7. Be2 Bg7 8. O-O O-O 9. Nd5 Nd7 10. c3 Nc5 11. Qc2 e6 12. Ne3 Qc7 13. Rd1 b6 14. b4 Nd7 15. a3 Bb7 16. Bb2 Nce5 17. Nxe5 Nxe5 18. c4 Rac8 19. Rac1 Rfd8 20. f4 Nd7 21. Bxg7 Kxg7 22. Bf3 Nf6 23. Qb2 e5 24. fxe5 dxe5 25. Nd5 Bxd5 26. exd5 Qd6 27. Qf2 Nd7 28. Rc2 a5 29. Rb1 Rc7 30. h3 Rdc8 31. Qe2 f5 32. Qf1 e4 33. Be2 Qg3 34. Ra1 Qe5 35. Qe1 Nf6 36. bxa5 bxa5 37. Rac1 Nxd5 38. cxd5 Rxc2 39. Rxc2 Rxc2 40. Bf1 Qxd5 41. Qa1+ Kg8 42. Qf6 Rc1 43. h4 Qc5+ 44. Kh2 Qc7+ 45. Kg1 Qc5+ 46. Kh1 Rxf1+ 0-1


[Site "https://www.chess.com"]

[Event "Titled Tuesday Blitz April 4 Late 2023"]
[White "Hansen, Eric"]
[Black "Pires, Marcos Vinicius Torsani"]
[WhiteFideId "2606771"]
[BlackFideId "2118939"]
[WhiteElo "2561"]
[BlackElo "2273"]
[Result "1-0"]
[Round "01"]
[TimeControl "180+2"]
[Date "2023.04.04"]
[WhiteClock "0:01:07"]
[BlackClock "0:00:39"]

1. e4 c5 2. Nf3 g6 3. h4 h5 4. d4 cxd4 5. Nxd4 Nc6 6. Nc3 Bg7 7. Be3 Nf6 8. Be2 O-O 9. O-O d5 10. exd5 Nb4 11. Bf3 Nfxd5 12. Nxd5 Nxd5 13. Bg5 Nf6 14. c3 Bg4 15. Re1 Bxf3 16. Qxf3 Qc7 17. a4 Rfe8 18. Nb5 Qb6 19. Be3 Qe6 20. Nc7 Qc4 21. Nxa8 Rxa8 22. Qxb7 Re8 23. Qb5 Qxh4 24. Bg5 1-0


[Site "https://www.chess.com"]

[Event "Titled Tuesday Blitz April 4 Late 2023"]
[White "Shapiro, Viktor"]
[Black "Moroni, Luca Jr"]
[WhiteFideId "4175700"]
[BlackFideId "865834"]
[WhiteElo "2152"]
[BlackElo "2569"]
[Result "0-1"]
[Round "01"]
[TimeControl "180+2"]
[Date "2023.04.04"]
[WhiteClock "0:00:36"]
[BlackClock "0:00:20"]

1. Nf3 d6 2. g3 g5 3. h3 h6 4. c4 Bg7 5. Nc3 c5 6. d3 Nc6 7. a3 e6 8. Bd2 Nge7 9. Bg2 b6 10. Rb1 Bb7 11. b4 Nd4 12. e4 Nxf3+ 13. Bxf3 Nc6 14. O-O Ne5 15. Bg2 Nxd3 16. Bxg5 Qxg5 17. Qxd3 O-O 18. f4 Qe7 19. Ne2 Kh8 20. Rbd1 Rad8 21. Kh2 Rg8 22. Rd2 Ba8 23. Rfd1 Bf6 24. Qe3 Kh7 25. bxc5 bxc5 26. e5 dxe5 27. fxe5 Bg5 28. Nf4 Bxg2 29. Kxg2 Qb7+ 30. Kh2 Rxd2+ 31. Rxd2 Qb1 32. h4 Bxf4 33. Qxf4 Rg7 34. Qe3 Qg6 35. Rf2 Qg4 36. Rf6 Qh5 37. Kh3 Qd1 38. Qxh6+ Kg8 39. Qe3 Qh1# 0-1


[Site "https://www.chess.com"]

[Event "Titled Tuesday Blitz April 4 Late 2023"]
[White "Durarbayli, Vasif"]
[Black "Mazurkiewicz, Michal"]
[WhiteFideId "13402935"]
[BlackFideId "1124943"]
[WhiteElo "2551"]
[BlackElo "2054"]
[Result "1-0"]
[Round "01"]
[TimeControl "180+2"]
[Date "2023.04.04"]
[WhiteClock "0:02:15"]
[BlackClock "0:01:35"]

1. e4 Nf6 2. e5 Nd5 3. d4 d6 4. c4 Nb6 5. exd6 exd6 6. Nc3 Be7 7. Bd3 O-O 8. Nge2 d5 9. c5 N6d7 10. Nxd5 c6 11. Nxe7+ Qxe7 12. Bf4 Re8 13. Qc2 Nf8 14. Bd6 Qh4 15. O-O Bg4 16. Ng3 Nbd7 17. h3 Be6 18. Rae1 Nf6 19. Ne4 Nxe4 20. Rxe4 Qg4 21. hxg4 1-0


[Site "https://www.chess.com"]

[Event "Titled Tuesday Blitz April 4 Late 2023"]
[White "Jovic, Stanoje"]
[Black "Makarian, Rudik"]
[WhiteFideId "905020"]
[BlackFideId "44105681"]
[WhiteElo "2236"]
[BlackElo "2430"]
[Result "0-1"]
[Round "01"]
[TimeControl "180+2"]
[Date "2023.04.04"]
[WhiteClock "0:00:04"]
[BlackClock "0:00:05"]

1. c4 e6 2. g3 d5 3. Bg2 Nf6 4. Nf3 dxc4 5. O-O a6 6. a4 Nc6 7. a5 Bd6 8. Qc2 O-O 9. Qxc4 e5 10. d3 h6 11. Nc3 Be6 12. Qa4 Re8 13. Bd2 Qd7 14. Rfc1 Bh3 15. Ne4 Nxe4 16. dxe4 Be6 17. Be3 Na7 18. Qxd7 Bxd7 19. Nd2 Nb5 20. Nc4 Be6 21. b3 f6 22. f4 Rad8 23. Kf2 Bf7 24. f5 Rd7 25. h4 Red8 26. g4 Bb4 27. g5 Nc3 28. gxh6 Bxc4 29. bxc4 Nd1+ 30. Rxd1 Rxd1 31. Ra4 Be1+ 32. Kf3 Bxh4 33. hxg7 Rb1 34. Kg4 Be1 35. Kh5 Kxg7 36. Bf3 Bd2 37. Bc5 Bc3 38. Kg4 Bd4 39. Bxd4 Rxd4 40. Kg3 c5 41. Kf2 Rb4 42. Ra1 Rbxc4 43. Rg1+ Kf7 44. Rh1 Rb4 45. Rh7+ Kg8 46. Rc7 Rd6 47. Rxc5 Rc6 48. Rd5 Rb5 49. Rd8+ Kf7 50. Rd7+ Ke8 51. Rh7 Kd8 52. Kg3 Kc8 53. Bh5 Rxa5 54. Bf7 Rac5 55. Be6+ Kb8 56. Rf7 a5 57. Rxf6 a4 58. Rf8+ Ka7 59. Rh8 a3 60. Rh1 Ra5 61. Ra1 b5 62. Bd5 Rf6 63. Kg4 b4 64. Kg5 Raa6 65. Be6 Rfxe6 66. fxe6 Rxe6 67. Kf5 Ra6 68. Kxe5 b3 0-1


[Site "https://www.chess.com"]

[Event "Titled Tuesday Blitz April 4 Late 2023"]
[White "Babazada, Khazar"]
[Black "Sztokbant, Bernardo Vainzoff"]
[WhiteFideId "13413554"]
[BlackFideId "2115956"]
[WhiteElo "2351"]
[BlackElo "2222"]
[Result "1-0"]
[Round "01"]
[TimeControl "180+2"]
[Date "2023.04.04"]
[WhiteClock "0:01:33"]
[BlackClock "0:00:51"]

1. Nf3 g6 2. e4 Bg7 3. d4 d6 4. Nc3 Nf6 5. Bc4 O-O 6. Qe2 Nc6 7. h3 Nd7 8. Be3 a6 9. a3 b5 10. Ba2 Bb7 11. h4 e5 12. dxe5 Ncxe5 13. h5 Nxf3+ 14. Qxf3 Ne5 15. Qh3 Bc8 16. Qg3 Be6 17. hxg6 hxg6 18. Qh2 Re8 19. Qh7+ Kf8 20. Bxe6 Rxe6 21. O-O-O Qf6 22. Nd5 Qd8 23. Bh6 Bxh6+ 24. Qxh6+ Ke8 25. f4 Ng4 26. Qg7 Rxe4 27. Rh8+ 1-0


[Site "https://www.chess.com"]

[Event "Titled Tuesday Blitz April 4 Late 2023"]
[White "Dudzinski, Pawel"]
[Black "Makhnev, Denis"]
[WhiteFideId "1117890"]
[BlackFideId "13707647"]
[WhiteElo "2099"]
[BlackElo "2515"]
[Result "0-1"]
[Round "01"]
[TimeControl "180+2"]
[Date "2023.04.04"]
[WhiteClock "0:00:02"]
[BlackClock "0:01:12"]

1. e4 e5 2. Nf3 Nc6 3. d4 exd4 4. Nxd4 Bc5 5. Nxc6 Qf6 6. Qf3 dxc6 7. Bc4 Qg6 8. O-O Nf6 9. Nd2 O-O 10. h3 Re8 11. Bd3 Nd7 12. Nc4 b5 13. e5 Qe6 14. Na5 Nxe5 15. Qh5 Nxd3 16. cxd3 Bb6 17. Nb3 Qf5 18. Qd1 Be6 19. Be3 Bd5 20. Bxb6 axb6 21. Re1 Rxe1+ 22. Qxe1 Qxd3 23. Rd1 Qg6 0-1


[Site "https://www.chess.com"]

[Event "Titled Tuesday Blitz April 4 Late 2023"]
[White "Li, Ruifeng"]
[Black "Prydun, Andriy"]
[WhiteFideId "2061074"]
[BlackFideId "14145898"]
[WhiteElo "2441"]
[BlackElo "2164"]
[Result "1-0"]
[Round "01"]
[TimeControl "180+2"]
[Date "2023.04.04"]
[WhiteClock "0:01:55"]
[BlackClock "0:02:49"]

1. b3 Nf6 2. Bb2 d6 3. e3 g6 4. Bxf6 exf6 5. d4 d5 6. c4 dxc4 7. Bxc4 Bd6 8. Nf3 O-O 9. O-O Bg4 10. h3 Bd7 11. Nc3 Nc6 12. Rc1 Re8 13. Nb5 Bf8 14. Re1 a6 15. Nc3 Ba3 16. Rc2 Bb4 17. Qc1 Qe7 18. Rd1 Qf8 19. Nd5 Bd6 20. Nxf6+ 1-0


[Site "https://www.chess.com"]

[Event "Titled Tuesday Blitz April 4 Late 2023"]
[White "Romero Pallares, Daniel"]
[Black "Bachmann, Axel"]
[WhiteFideId "32025637"]
[BlackFideId "3700488"]
[WhiteElo "2195"]
[BlackElo "2605"]
[Result "0-1"]
[Round "01"]
[TimeControl "180+2"]
[Date "2023.04.04"]
[WhiteClock "0:00:22"]
[BlackClock "0:00:57"]

1. e4 Nc6 2. Nf3 d6 3. d4 Nf6 4. Nc3 Bg4 5. Be2 e6 6. Be3 Be7 7. O-O O-O 8. h3 Bh5 9. d5 exd5 10. exd5 Bxf3 11. Bxf3 Ne5 12. Be2 Re8 13. Qd2 Nfd7 14. Rae1 a6 15. Kh2 Ng6 16. g3 Bf6 17. f4 b5 18. Bg4 Nc5 19. b4 Ne4 20. Nxe4 Rxe4 21. Bf3 Rc4 22. Be2 Bc3 23. Qd1 Rxb4 24. Bd2 Rd4 25. Bd3 Bxd2 26. Qxd2 Rxd5 27. Qc3 Rc5 28. Qd4 Qf6 29. Qxf6 gxf6 30. h4 Kf8 31. h5 Rxh5+ 32. Kg2 Rc5 33. Rh1 Kg7 34. Re2 b4 35. Kf3 a5 36. Reh2 Rh8 37. Rh5 Rxh5 38. Rxh5 c5 39. Ke4 Ne7 40. f5 d5+ 41. Kf4 c4 42. Be2 a4 43. Ke3 Rb8 44. Kd4 b3 45. cxb3 axb3 46. axb3 Rxb3 47. g4 Rb2 48. Bf3 Rd2+ 49. Kc5 c3 50. Rh1 c2 51. Rc1 d4 52. Be4 d3 53. Bf3 Rf2 0-1


[Site "https://www.chess.com"]

[Event "Titled Tuesday Blitz April 4 Late 2023"]
[White "Grigoriants, Sergey"]
[Black "Moore, Nicholas"]
[WhiteFideId "4130804"]
[BlackFideId "4303709"]
[WhiteElo "2502"]
[BlackElo "2470"]
[Result "1-0"]
[Round "01"]
[TimeControl "180+2"]
[Date "2023.04.04"]
[WhiteClock "0:00:09"]
[BlackClock "0:00:08"]

1. d4 d5 2. c4 c6 3. Nf3 Nf6 4. e3 e6 5. Nbd2 Bd6 6. Bd3 O-O 7. e4 dxe4 8. Nxe4 Nxe4 9. Bxe4 Nd7 10. O-O Nf6 11. Bc2 c5 12. dxc5 Bxc5 13. Qe2 b6 14. Rd1 Qc7 15. Bg5 Bb7 16. Ne5 Be7 17. Rd4 h6 18. Bxf6 Bxf6 19. Qd3 g6 20. Nxg6 Rfd8 21. Nf4 Kf8 22. Qh7 Bg7 23. Rxd8+ Rxd8 24. Nh5 Qe5 25. Nxg7 Qxg7 26. Qxg7+ Kxg7 27. Rd1 Rxd1+ 28. Bxd1 Kf6 29. f4 Kf5 30. g3 Ke4 31. Bh5 f6 32. Bf7 Bc8 33. Kf2 Kd3 34. b3 Kc3 35. Ke3 Kb2 36. b4 Kxa2 37. c5 bxc5 38. bxc5 a5 39. f5 Kb2 40. fxe6 a4 41. e7 Bd7 42. Kd4 a3 43. Ke4 Be8 44. Bc4 Kc3 45. Be6 Kb4 46. Kf5 Kxc5 47. Kxf6 Kd6 48. Ba2 h5 49. h3 Bd7 50. Kf7 Ke5 51. e8=Q+ Bxe8+ 52. Kxe8 h4 53. g4 Kf4 54. Kd7 Kg3 55. g5 Kxh3 56. g6 Kh2 57. g7 h3 58. g8=Q Kh1 59. Qg3 h2 60. Bd5# 1-0


[Site "https://www.chess.com"]

[Event "Titled Tuesday Blitz April 4 Late 2023"]
[White "Gasparyan, David"]
[Black "Kamsky, Gata"]
[WhiteFideId "13311980"]
[BlackFideId "2000024"]
[WhiteElo "2469"]
[BlackElo "2660"]
[Result "0-1"]
[Round "01"]
[TimeControl "180+2"]
[Date "2023.04.04"]
[WhiteClock "0:00:02"]
[BlackClock "0:00:04"]

1. e4 g6 2. d4 Bg7 3. Nc3 d6 4. Nf3 a6 5. Bc4 e6 6. Qe2 b5 7. Bd3 Nd7 8. h4 h6 9. a3 Bb7 10. Bf4 Nb6 11. Rd1 Nf6 12. O-O O-O 13. Bh2 Ng4 14. Bg3 h5 15. e5 Nh6 16. Ng5 Nf5 17. Bxf5 exf5 18. e6 Qf6 19. exf7+ Kh8 20. Bf4 Bh6 21. Ne6 Bxf4 22. Nxf4 Rxf7 23. d5 Nc4 24. Rd3 Ne5 25. Rg3 Rg8 26. Rh3 Bc8 27. Re1 Re7 28. Qd1 Rge8 29. Rg3 Ng4 30. Rxe7 Rxe7 31. f3 Ne5 32. Nce2 Kh7 33. Nd4 Qxh4 34. Nde2 Bd7 35. Rh3 Qg5 36. Qe1 Rg7 37. Qf2 Kg8 38. Qd4 h4 39. Qc3 Bc8 40. Qa5 Re7 41. Qe1 Rh7 42. Qf2 Kf7 43. Qa7 Ke8 44. Qb8 Qd8 45. Qa7 g5 46. Ne6 Bxe6 47. dxe6 Ke7 48. Qe3 Kxe6 49. Nd4+ Kd7 50. Nxf5 Qf6 51. Nd4 g4 52. fxg4 Nxg4 53. Qe2 Qxd4+ 54. Kh1 Nf2+ 55. Kh2 Nxh3 56. Qg4+ Qxg4 0-1


[Site "https://www.chess.com"]

[Event "Titled Tuesday Blitz April 4 Late 2023"]
[White "Talibov, Shiroghlan"]
[Black "Bellahcene, Bilel"]
[WhiteFideId "13429078"]
[BlackFideId "696358"]
[WhiteElo "2224"]
[BlackElo "2566"]
[Result "0-1"]
[Round "01"]
[TimeControl "180+2"]
[Date "2023.04.04"]
[WhiteClock "0:00:02"]
[BlackClock "0:00:07"]

1. c4 Nf6 2. Nc3 e5 3. Nf3 Nc6 4. e4 Bb4 5. d3 d6 6. Be2 a5 7. O-O h6 8. h3 O-O 9. Be3 Bc5 10. Qd2 Be6 11. Ne1 Nd4 12. f4 exf4 13. Rxf4 Nd7 14. Rf2 Ne5 15. Nf3 Ndxf3+ 16. Bxf3 Bxe3 17. Qxe3 c5 18. Be2 Qg5 19. Qxg5 hxg5 20. Nb5 Rad8 21. Raf1 f6 22. Rd1 Kf7 23. Kf1 Ke7 24. Ke1 Bd7 25. Nc3 Bc6 26. Kd2 a4 27. Ke3 b6 28. Rdf1 Rb8 29. Bd1 Ra8 30. Bc2 Rfb8 31. a3 b5 32. cxb5 Bxb5 33. Bb1 Bc6 34. Ba2 Ra6 35. Rd1 Rab6 36. Rdd2 Kd8 37. d4 cxd4+ 38. Rxd4 Ke7 39. Rdd2 Ra8 40. Nd5+ Bxd5 41. Bxd5 Rc8 42. Rd4 Rcb8 43. Rxa4 Rxb2 44. Ra7+ Kf8 45. Rxb2 Rxb2 46. a4 Rxg2 47. a5 Rg3+ 48. Kf2 Ra3 49. a6 Nd3+ 50. Kg1 Nb4 51. Bc4 Ra1+ 52. Kf2 Rc1 53. Ra8+ Ke7 54. a7 Rxc4 55. Re8+ Kxe8 56. a8=Q+ Kf7 57. Qb7+ Kg6 58. Qb5 Rxe4 59. Qb7 Rf4+ 60. Kg3 d5 61. Qd7 Nd3 62. Qe8+ Kf5 63. Qd7+ Ke4 64. Qxg7 Ne5 65. Qg8 d4 66. Kg2 d3 67. Qb3 Ke3 68. Qd1 d2 69. Qg1+ Ke2 70. Qb1 Rf2+ 71. Kg3 Rf3+ 72. Kg2 d1=Q 73. Qb2+ Qd2 74. Qb5+ Ke3+ 0-1


[Site "https://www.chess.com"]

[Event "Titled Tuesday Blitz April 4 Late 2023"]
[White "Eden, James"]
[Black "Kravtsiv, Martyn"]
[WhiteFideId "666491"]
[BlackFideId "14113147"]
[WhiteElo "2278"]
[BlackElo "2695"]
[Result "1-0"]
[Round "01"]
[TimeControl "180+2"]
[Date "2023.04.04"]
[WhiteClock "0:00:15"]
[BlackClock "0:00:02"]

1. e4 e5 2. Nf3 Nc6 3. Bc4 Nf6 4. d3 Bc5 5. c3 O-O 6. O-O d5 7. exd5 Nxd5 8. Re1 Bg4 9. Nbd2 Nb6 10. h3 Bh5 11. Bb3 Kh8 12. Ne4 Bd6 13. Ng3 Bg6 14. d4 exd4 15. Nxd4 Nxd4 16. Qxd4 c5 17. Qg4 f5 18. Qg5 f4 19. Ne4 Qxg5 20. Nxg5 c4 21. Bd1 Rae8 22. Rxe8 Rxe8 23. Bd2 h6 24. Bc2 hxg5 25. Bxg6 Re6 26. Bh5 Bc5 27. Bf3 Nd7 28. Re1 Rxe1+ 29. Bxe1 b6 30. Bd2 Ne5 31. Be4 g6 32. h4 gxh4 33. Bxf4 Nd3 34. Bxd3 cxd3 35. Kf1 Kg7 36. Ke1 Kf6 37. f3 Kf5 38. Bb8 Be3 39. Bxa7 g5 40. Bb8 g4 41. fxg4+ Kxg4 42. a4 Kf5 43. b4 Ke4 44. a5 bxa5 45. bxa5 Kd5 46. a6 Kc6 47. Be5 Bb6 48. Bd4 Bc7 49. a7 Kb7 50. Kd2 1-0


[Site "https://www.chess.com"]

[Event "Titled Tuesday Blitz April 4 Late 2023"]
[White "Melkumyan, Hrant"]
[Black "liwadas82"]
[WhiteFideId "13302485"]
[WhiteElo "2604"]
[BlackElo "2463"]
[Result "1-0"]
[Round "01"]
[TimeControl "180+2"]
[Date "2023.04.04"]
[WhiteClock "0:01:00"]
[BlackClock "0:00:02"]

1. e4 e5 2. Nf3 Nc6 3. Bb5 a6 4. Ba4 Nf6 5. O-O b5 6. Bb3 Bb7 7. Nc3 Bc5 8. a4 b4 9. Nd5 O-O 10. d3 h6 11. Nd2 Nd4 12. Nxf6+ Qxf6 13. Bd5 c6 14. Ba2 d5 15. c3 bxc3 16. bxc3 Ne6 17. Rb1 Rab8 18. Qf3 Nf4 19. Nb3 Ba7 20. Ba3 Rfd8 21. Bc5 Bxc5 22. Nxc5 Qe7 23. d4 Ne6 24. Nxe6 Qxe6 25. exd5 cxd5 26. Rfe1 e4 27. Qf4 g5 28. Qg3 Qc6 29. h4 f6 30. hxg5 hxg5 31. Rxe4 Qxa4 32. Re2 Re8 33. Reb2 Rbc8 34. Rxb7 Qxa2 35. Qh3 Qc2 36. Qh6 Re7 37. Rxe7 Qxb1+ 38. Kh2 1-0


[Site "https://www.chess.com"]

[Event "Titled Tuesday Blitz April 4 Late 2023"]
[White "Santos Flores, Alberto"]
[Black "Svane, Frederik"]
[WhiteFideId "3601234"]
[BlackFideId "12923044"]
[WhiteElo "2235"]
[BlackElo "2502"]
[Result "0-1"]
[Round "01"]
[TimeControl "180+2"]
[Date "2023.04.04"]
[WhiteClock "0:00:12"]
[BlackClock "0:00:51"]

1. d4 Nf6 2. Bf4 b6 3. e3 Bb7 4. Nf3 Nh5 5. c3 d6 6. Nbd2 Nd7 7. Bd3 g6 8. Qe2 Bg7 9. Bg5 h6 10. Bh4 g5 11. Bg3 e6 12. e4 Qe7 13. Ba6 Bxa6 14. Qxa6 O-O 15. O-O f5 16. h3 f4 17. Bh2 e5 18. dxe5 dxe5 19. Qc4+ Kh8 20. Qxc7 Nhf6 21. Rad1 Rfc8 22. Qb7 Rcb8 23. Qc6 Rc8 24. Qb5 Qe6 25. Qb3 Qe8 26. Qc2 g4 27. hxg4 Nxg4 28. Nb3 Ndf6 29. Rd2 Qa4 30. Nbd4 Qxc2 31. Nxc2 Nxe4 32. Re2 Nc5 33. Nh4 Kh7 34. f3 Nxh2 35. Kxh2 Rd8 36. Nb4 Bf6 37. g3 fxg3+ 38. Kxg3 Rg8+ 39. Kh3 Ne6 40. Ng2 Rg5 41. f4 Rh5+ 42. Kg3 Rg8+ 43. Kf3 Rh3+ 44. Ke4 Rh2 45. Kf5 Rgxg2 46. Rxg2 Rxg2 47. Kxe6 Bg7 48. fxe5 Rxb2 49. Kf7 Bxe5 50. Nc6 Bxc3 51. Ne7 Rxa2 52. Ng8 Rg2 53. Nf6+ Bxf6 54. Rxf6 Rg7+ 55. Ke6 b5 56. Ke5 b4 57. Kd4 Rb7 0-1


[Site "https://www.chess.com"]

[Event "Titled Tuesday Blitz April 4 Late 2023"]
[White "Somalianwarrior2006"]
[Black "Silva, Pedro Gil Ferreira Da"]
[BlackFideId "1946102"]
[WhiteElo "2860"]
[BlackElo "2255"]
[Result "1-0"]
[Round "01"]
[TimeControl "180+2"]
[Date "2023.04.04"]
[WhiteClock "0:00:08"]
[BlackClock "0:01:17"]

1. e4 c5 2. Nf3 e6 3. d4 cxd4 4. Nxd4 a6 5. Nc3 Qc7 6. g3 Nf6 7. Bg2 Nc6 8. O-O d6 9. a4 Be7 10. Re1 Bd7 11. Nb3 O-O 12. a5 Ne5 13. Nd4 Rfc8 14. h3 h6 15. g4 Nc4 16. Nb3 Bc6 17. Qd4 Be8 18. Qd3 Nd7 19. f4 Bf6 20. Rd1 Nf8 21. Bf1 Bb5 22. Nxb5 axb5 23. c3 Ng6 24. Qe2 e5 25. f5 Nf4 26. Bxf4 exf4 27. Nd4 Qc5 28. b4 Qe5 29. Rac1 Bg5 30. Nf3 Qf6 31. Rd5 Ne3 32. Rxb5 Rxc3 33. e5 dxe5 34. Rxc3 e4 35. Rbc5 exf3 36. Qxf3 Kh7 37. Qxb7 Rd8 38. Rc1 Qd4 39. Kh1 Qd2 40. Qf3 Qxb4 41. a6 Qa3 42. Rc7 Rd2 43. a7 Ra2 44. a8=Q Qxa8 45. Qxa8 Rxa8 46. Rxf7 Ra2 47. Bd3 Bf6 48. Rf8 h5 49. Rcc8 Kh6 50. Rh8+ Kg5 51. Rxh5# 1-0


[Site "https://www.chess.com"]

[Event "Titled Tuesday Blitz April 4 Late 2023"]
[White "Saya, Ethan"]
[Black "Vakhlamov, Igor L."]
[WhiteFideId "26095181"]
[BlackFideId "24126748"]
[WhiteElo "2189"]
[BlackElo "2400"]
[Result "0-1"]
[Round "01"]
[TimeControl "180+2"]
[Date "2023.04.04"]
[WhiteClock "0:00:09"]
[BlackClock "0:01:20"]

1. d4 d5 2. c4 e6 3. Nc3 c5 4. cxd5 cxd4 5. Qxd4 Nc6 6. Qc4 exd5 7. Qxd5 Bd6 8. Bg5 Nge7 9. Bxe7 Qxe7 10. O-O-O Be5 11. Qb3 O-O 12. Nf3 Be6 13. Qa4 Bxc3 14. bxc3 Qc5 15. Qc2 Rac8 16. e3 Nb4 17. Qb2 Nxa2+ 18. Kd2 Nxc3 19. Bd3 Nxd1 20. Rxd1 Rfd8 21. Nd4 Bd5 22. Ke2 g6 23. f3 a5 24. Kf2 a4 25. Ra1 Qc3 26. Qxc3 Rxc3 27. Be2 Ra8 28. Nb5 Rc2 29. Ke1 Rxe2+ 30. Kxe2 Bc4+ 31. Kd2 Bxb5 32. Kc3 Bc6 33. Kb4 Rd8 34. Ka5 Rd2 35. h3 Rxg2 36. h4 Bxf3 37. Kb6 Bc6 38. h5 gxh5 39. Rd1 a3 40. Rd8+ Kg7 41. Rd1 a2 42. Ra1 h4 43. Kc7 h3 44. Kd8 h2 45. Ke7 Re2 46. Rh1 Bxh1 47. Kd6 a1=Q 0-1


[Site "https://www.chess.com"]